 Dungeon Sprint DCSS version 0.14-a0-2986-gd1872aa (webtiles) character file.

66 BluebellGnoll the Covert (level 3, -15/16 HPs)
             Began as a Spriggan Enchanter on Mar 6, 2014.
             Was an Initiate of Sif Muna.
             Demolished by an orc warrior
             ... wielding a cursed +0,+0 short sword
              (18 damage)
             ... in the Dungeon (Sprint IX: "|||||||||||||||||||||||||||||").
             The game lasted 00:03:23 (527 turns).

BluebellGnoll the Covert (Spriggan Enchanter)        Turns: 527, Time: 00:03:24

HP -15/16        AC  5     Str  4      XL: 3   Next: 96%
MP   1/9         EV 20     Int 17      God: Sif Muna [......]
Gold 0           SH  0     Dex 16      Spells:  3 memorised,  1 level left

rFire  . . .     SeeInvis +     u - +2 cutlass (elec)
rCold  . . .     Clarity  .     b - +1 robe
rNeg   . . .     Conserve .     (shield restricted)
rPois  .         rCorr    .     (helmet restricted)
rElec  .         rRot     .     (no cloak)
SustAb . .       Spirit   .     (gloves unavailable)
rMut   .         Warding  .     (boots unavailable)
Saprov . . .     NoTele   +     (no amulet)
MR     .....                    p - +2 ring of protection
                                o - +2 ring of evasion

@: very slightly contaminated, very quick, not resistant to hostile
enchantments, extremely stealthy
A: unfitting armour, see invisible, herbivore 3, speed 3, slow metabolism 2
a: Renounce Religion


You were in the Dungeon.
You worshipped Sif Muna.
Sif Muna was noncommittal.
You were not hungry.

You visited 1 branch

Inventory:

Hand weapons
 a - a +1,+1 dagger
 u - a +2,+2 cutlass of electrocution (weapon)
 w - a +2,+2 morningstar of holy wrath
Missiles
 d - 13 darts (quivered)
Armour
 b - a +1 robe (worn)
Magical devices
 n - a wand of cold (7)
Scrolls
 k - 2 scrolls of blinking
 l - 3 scrolls of remove curse
 m - 2 scrolls of amnesia
Jewellery
 o - a +2 ring of evasion (left hand)
 p - a +2 ring of protection (right hand)
Potions
 e - a potion of porridge
 f - 5 potions of curing
 g - 3 potions of heal wounds
 h - a potion of speed
 i - 4 potions of magic
 j - a potion of invisibility
Books
 c - a book of Maledictions

   Spells                             Type                      Level
   *Corona                            Hexes                        1
   Sure Blade                         Hexes/Charms                 2
   *Ensorcelled Hibernation           Hexes/Ice                    2
   *Confuse                           Hexes                        3
   Enslavement                        Hexes                        4
   Invisibility                       Hexes                        6


   Skills:
 - Level 1.1 Short Blades
 - Level 1.1 Throwing
 - Level 3.0 Dodging
 - Level 12.0 Stealth
 * Level 2.7 Spellcasting
 + Level 3.7 Hexes


You had one spell level left.
You knew the following spells:

 Your Spells              Type           Power        Failure   Level  Hunger
a - Corona                Hex            ##.....      4%          1    #......
b - Ensorcelled Hibernat  Hex/Ice        #.....       14%         2    ##.....
c - Confuse               Hex            ##......     14%         3    ###....


Dungeon Overview and Level Annotations

Branches:
Dungeon (1/1)

Altars:
Ashenzari
Cheibriados
Dithmenos
Elyvilon
Fedhas
Kikubaaqudgha
Makhleb
Nemelex Xobeh
Okawaru
Sif Muna
Trog
Vehumet
Xom
Yredelemnul
Zin
The Shining One


Innate Abilities, Weirdness & Mutations

You are tiny and cannot use many weapons and most armour.
You have supernaturally acute eyesight.
You are a herbivore.
You cover ground extremely quickly.
You need consume almost no food.


Message History

Confirm with . or Enter, or press ? or * to list all spells.
Aiming: Confuse
Press: ? - help, Shift-Dir - straight line, f/p - orc warrior
Aim: an orc warrior, wielding a glowing short sword and wearing an orcish chain mail (heavily wounded)
You miscast Confuse.
You are very lightly contaminated with residual magic.
Your skin tingles.
You hit the orc warrior but do no damage.
The orc warrior is heavily wounded.
The orc warrior misses you.
You hit the orc warrior but do no damage.
The orc warrior is heavily wounded.
The orc warrior hits you with a glowing short sword!
Ouch! That really hurt!
* * * LOW HITPOINT WARNING * * *
You hit the orc warrior but do no damage.
The orc warrior is heavily wounded.
The orc warrior hits you with a glowing short sword!
Ouch! That really hurt!
You die...

▓_▓
▓_▓
▓_▓
▓_▓
▓_▓
▓_▓
▓_▓
▓o▓
▓@▓
▓.▓
▓.▓
▓.▓
▓)▓
▓'▓
▓.▓
▓.▓
▓.▓


You could see an orc warrior.

Vanquished Creatures
  An orc priest (D)
  A worker ant (D)
  A bat skeleton (D)
  2 hobgoblins (D)
  A kobold (D)
  A quokka (D)
  2 giant newts (D)
  A jackal zombie (D)
  3 rats (D)
13 creatures vanquished.

Notes
Turn   | Place    | Note
--------------------------------------------------------------
     0 | D        | BluebellGnoll, the Spriggan Enchanter, began the quest for the Orb.
     0 | D        | Reached XP level 1. HP: 9/9 MP: 4/4
     9 | D        | Reached skill level 4 in Stealth
    14 | D        | Reached skill level 5 in Stealth
   115 | D        | Noticed a worker ant
   115 | D        | Noticed an orc priest
   117 | D        | Reached skill level 6 in Stealth
   120 | D        | Killed an orc priest
   120 | D        | Reached skill level 10 in Stealth
   120 | D        | Reached XP level 2. HP: 13/13 MP: 7/7
   120 | D        | Reached XP level 3. HP: 16/16 MP: 9/9
   129 | D        | Killed a worker ant
   129 | D        | Reached skill level 11 in Stealth
   138 | D        | Found a snail-covered altar of Cheibriados.
   138 | D        | Found a shimmering altar of Xom.
   138 | D        | Found a deep blue altar of Sif Muna.
   138 | D        | Found a burning altar of Makhleb.
   138 | D        | Found a glowing golden altar of the Shining One.
   138 | D        | Found a radiant altar of Vehumet.
   138 | D        | Found a basalt altar of Yredelemnul.
   139 | D        | Found a bloodstained altar of Trog.
   140 | D        | Found a shimmering altar of Xom.
   141 | D        | Found a sparkling altar of Nemelex Xobeh.
   142 | D        | Found a white marble altar of Elyvilon.
   143 | D        | Became a worshipper of Sif Muna the Loreminder
   144 | D        | Found a blossoming altar of Fedhas.
   145 | D        | Found a shattered altar of Ashenzari.
   146 | D        | Found an ancient bone altar of Kikubaaqudgha.
   147 | D        | Found a snail-covered altar of Cheibriados.
   148 | D        | Found a shadowy altar of Dithmenos.
   149 | D        | Found an iron altar of Okawaru.
   150 | D        | Found a glowing silver altar of Zin.
   185 | D        | Got the +2,+0 broad axe of Luxury {drain, rPois rF+ Dex+2}
   295 | D        | Learned a level 2 spell: Ensorcelled Hibernation
   299 | D        | Learned a level 3 spell: Confuse
   299 | D        | Noticed a worker ant
   299 | D        | Noticed an orc warrior
   303 | D        | Reached skill level 12 in Stealth
   527 | D        | Demolished by an orc warrior

Action                   || total
-------------------------++-------
Melee: Dagger            ||    23
       Cutlass           ||     7
 Cast: Ensorcelled Hiber ||     4
       Confuse           ||     2
  Use: Potion            ||     1
 Stab: Sleeping          ||     2
       Distracted        ||     1
       Confused          ||     1
